 Seeded DCSS version 0.30.1-3-gfc49f6343a (webtiles) character file.

Game seed: 15325608336486458095 (custom seed)

147 CInkIbrahim the Cudgeller (level 5, 0/32 HPs)
             Began as a Gargoyle Fighter on July 28, 2023.
             Slain by a river rat (4 damage)
             ... in a sewer.
             The game lasted 00:04:26 (2101 turns).

CInkIbrahim the Cudgeller (Gargoyle Fighter)        Turns: 2101, Time: 00:04:27

Health: 0/32       AC: 12    Str: 22    XL:     5   Next: 29%
Magic:  5/5        EV: 10    Int:  8    God:
Gold:   151        SH:  0    Dex: 15    Spells: 4/4 levels left

rFire   . . .        a - +0 flail
rCold   . . .        (no shield)
rNeg    + + .        q - +2 ring mail {Will+}
rPois   ∞            j - +0 helmet
rElec   +            (no cloak)
rCorr   .            (no gloves)
SInv    .            (no boots)
Will    ++...        r - amulet of magic regeneration
Stlth   +            i - +6 ring of dexterity
HPRegen 0.25/turn    e - ring of positive energy
MPRegen 0.49/turn

%: no passive effects
@: unable to read, very slow
A: sickness immunity, AC +4, negative energy resistance 1, electricity
resistance, torment resistance 1, petrification resistance, strong-willed 1,
inability to read after injury 1
a: no special abilities


You were in a sewer.
You visited 1 branch of the dungeon, and saw 3 of its levels.
You also visited: Sewer.

You collected 151 gold pieces.

Inventory:

Hand Weapons
 a - a +0 flail (weapon)
Missiles
 p - 4 poisoned darts (quivered)
Armour
 b - a +0 scale mail
 c - a +0 buckler
 j - a +0 helmet (worn)
 q - a +2 ring mail of willpower (worn)
Jewellery
 e - a ring of positive energy (right hand)
 i - a +6 ring of dexterity (left hand)
 r - an amulet of magic regeneration (around neck)
Wands
 s - a wand of iceblast (13)
Scrolls
 h - a scroll of blinking {unknown}
 t - a scroll of vulnerability
Potions
 d - a potion of might
 f - a potion of haste {unknown}
 g - a potion of berserk rage
 l - 3 potions of curing
 m - 2 potions of attraction {unknown}
 n - 3 potions of heal wounds
 u - 2 potions of degeneration


   Skills:
 - Level 3.2 Fighting
 + Level 5.3 Maces & Flails
 - Level 3.2 Armour
 - Level 3.2 Shields


You had 4 spell levels left.
You didn't know any spells.
Your spell library contained the following spells:

 Spells                   Type           Power      Damage    Failure   Level
 Gell's Gravitas          Tloc           0%         N/A       90%         3
 Teleport Other           Tloc           0%         N/A       90%         3
 Dispersal                Tloc           0%         N/A       100%        6


Dungeon Overview and Level Annotations

Branches:
Dungeon (3/15)              Sewer (1/1)

Altars:
Kikubaaqudgha


Innate Abilities, Weirdness & Mutations

You are immune to sickness and miasma.
Your stone body is resilient. (AC +4)
You are immune to poison.
You resist negative energy. (rN+)
You are resistant to electric shocks. (rElec)
You are resistant to unholy torment.
You are immune to petrification.
You are strong-willed. (Will+)
You occasionally lose the ability to read scrolls when taking damage.


Message History

Found a ring mail.
Found a glowing drain.
You feel a little less mighty now.
l - 3 potions of curing (gained 1)
Found a book of Touch.
You enter the shallow water.
Moving in this stuff is going to be slow.
There is a glowing drain here.
You enter the shallow water.
Moving in this stuff is going to be slow.
There is a glowing drain here.
The world spins around you as you enter the gateway.
You enter a sewer!
Found a gate leading back out of this place.
There is an empty arch of ancient stone here.
You enter the shallow water.
Moving in this stuff is going to be slow.
You enter the shallow water.
Moving in this stuff is going to be slow.
A river rat comes into view.
A river rat comes into view.
There are monsters nearby!
A rat comes into view.
The river rat bites you.
There are monsters nearby!
You barely miss the river rat. The river rat bites you.
There are monsters nearby!
You hit the river rat but do no damage.
The river rat bites you but does no damage.
The river rat bites you!
Your unstable footing causes you to fumble your attack.
The river rat bites you. x2
You feel threatened and lose the ability to read scrolls!
* * * LOW HITPOINT WARNING * * *
The river rat bites you.
* * * LOW HITPOINT WARNING * * *
The river rat bites you but does no damage.
The river rat attacks as you move away! The river rat closely misses you.
The river rat attacks as you move away! The river rat bites you.
You die...

##################### #
##....~≈≈≈≈≈≈≈≈≈≈≈≈≈~#.##
#.....~≈≈≈≈~≈.~≈≈≈≈≈≈~...
#..∩..~~≈~~≈~~~#≈~~≈~~...
#..∩..~~~~~~≈~#@r~r~~~...
#.....≈~≈~≈~≈≈≈.r≈≈≈≈~...
##...#~≈≈≈≈≈≈≈≈≈≈≈≈≈≈....
######################..
.


You could see 2 river rats and a rat.

Vanquished Creatures
  Robin (D:3)
  A gnoll (D:1)
  4 adders
  A worm (D:2)
  3 dart slugs
  5 orcs (D:3)
  4 ball pythons
  3 endoplasms
  7 giant cockroaches
  6 goblins (D:3)
  11 hobgoblins
  5 jackals
  2 quokkas (D:1)
  5 bats
  3 frilled lizards (D:1)
  4 kobolds (D:2)
  4 rats
69 creatures vanquished.

Notes
Turn   | Place    | Note
-------+----------+-------------------------------------------
     0 | D:1      | CInkIbrahim the Gargoyle Fighter began the quest for the
                  | Orb.
     0 | D:1      | Reached XP level 1. HP: 14/14 MP: 1/1
    93 | D:1      | Reached XP level 2. HP: 15/19 MP: 2/2
   140 | D:1      | Reached skill level 3 in Maces & Flails
   461 | D:1      | Reached XP level 3. HP: 22/23 MP: 3/3
  1031 | D:2      | Reached skill level 4 in Maces & Flails
  1102 | D:2      | Found an ancient bone altar of Kikubaaqudgha.
  1177 | D:2      | Reached XP level 4. HP: 28/28 MP: 4/4
  1770 | D:2      | Gained mutation: You occasionally lose the ability to read
                  | scrolls when taking damage. [potion of mutation]
  1770 | D:2      | Gained mutation: You are strong-willed. (Will+) [potion of
                  | mutation]
  1850 | D:3      | Found a faded altar of an unknown god.
  2008 | D:3      | Reached skill level 5 in Maces & Flails
  2008 | D:3      | Reached XP level 5. HP: 30/32 MP: 5/5
  2022 | D:3      | Noticed Robin
  2039 | D:3      | Killed Robin
  2068 | D:3      | Found a glowing drain.
  2081 | Sewer    | Entered a sewer
  2101 | Sewer    | Slain by a river rat

Illustrated notes

Levels and vault maps discovered:
D:1:      dpeg_arrival_radiant, layout_loops_ring, minmay_split_cup_small
D:2:      layout_basic, basic_altar
D:3:      layout_loops_cross, ebering_ghost_gozag, portal_sewer_entry_a,
          shapermc_ecumenical_altar_mp_ritualfount, uniq_robin
Sewer:    sewer_minmay_w

Skill      XL: |  1  2  3  4 |
---------------+-------------+-----
Maces & Flails | 3 4 5 |  5.3
Fighting       | |  3.2
Armour         | |  3.2
Shields        | |  3.2

Action                     |  1- 3 |  4- 6 || total
---------------------------+-------+-------++-------
  Melee: Flail             |   134 |   111 ||   245
    Use: Scroll            |       |     9 ||     9
         Potion            |       |     2 ||     2
 Armour: Scale mail        |    77 |       ||    77
         Ring mail         |     5 |    62 ||    67
  Dodge: Dodged            |    73 |    51 ||   124
  Block: Buckler           |    23 |       ||    23
